 Dungeon Crawl Stone Soup version 0.29-a0-352-g0917bc69df (webtiles) character file.

Game seed: 2478565502308680758

3125 Murumi the Slasher (level 9, 0/74 HPs)
             Began as a Demigod Fighter on Apr 23, 2022.
             Slain by a vault guard
             ... wielding a +0 broad axe
              (15 damage)
             ... in a bailey.
             The game lasted 00:22:33 (7762 turns).

Murumi the Slasher (Demigod Fighter)                Turns: 7762, Time: 00:22:34

Health: 0/74       AC: 10    Str: 23    XL:     9   Next: 35%
Magic:  11/11      EV: 15    Int: 10    God:
Gold:   427        SH:  9    Dex: 25    Spells: 8/8 levels left

rFire   . . .      SeeInvis .   a - +0 long sword
rCold   . . .      Faith    .   c - +2 buckler
rNeg    + . .      Spirit   .   u - +2 leather armour {rN+}
rPois   .          Reflect  .   (no helmet)
rElec   .          Harm     .   e - +0 cloak
rCorr   .          Rampage  .   l - +1 pair of gloves {hurl}
Will    +....                   j - +0 pair of boots
Stlth   +++.......              (no amulet)
HPRegen 0.22/turn               h - +6 ring of strength
MPRegen 0.12/turn               p - ring of willpower

@: hasted, very quick
A: high MP 1, forlorn, divine attributes
a: no special abilities


You were in a bailey.
You visited 1 branch of the dungeon, and saw 7 of its levels.
You also visited: Bailey.

You collected 483 gold pieces.
You spent 56 gold pieces at shops.

Inventory:

Hand Weapons
 a - a +0 long sword (weapon)
 f - a +0 hunting sling
 r - a +0 rapier of protection
Armour
 c - a +2 buckler (worn)
 e - a +0 cloak (worn)
 j - a +0 pair of boots (worn)
 l - a +1 pair of gloves of hurling (worn)
 u - a +2 leather armour of positive energy (worn)
Jewellery
 h - a +6 ring of strength (left hand)
 p - a ring of willpower (right hand)
Wands
 t - a wand of acid (7)
Scrolls
 i - 2 scrolls of teleportation
 k - a scroll of summoning
 m - a scroll of blinking
Potions
 d - a potion of cancellation
 o - 2 potions of curing
 s - a potion of flight
 v - a potion of mutation


   Skills:
 - Level 5.0 Fighting
 - Level 6.0 Long Blades
 + Level 4.9 Slings
 - Level 5.0 Armour
 - Level 5.0 Dodging
 - Level 3.0 Stealth
 - Level 5.0 Shields
 - Level 2.0 Evocations


You had 8 spell levels left.
You didn't know any spells.
Your spell library contained the following spells:

 Spells                   Type           Power      Damage    Failure   Level
 Sandblast                Erth           0%         2d4       50%         1
 Passwall                 Tmut/Erth      0%         N/A       63%         2
 Call Canine Familiar     Summ           0%         N/A       86%         3
 Ozocubu's Armour         Ice            0%         N/A       86%         3
 Portal Projectile        Hex/Tloc       0%         N/A       86%         3
 Stone Arrow              Conj/Erth      0%         3d7       86%         3
 Leda's Liquefaction      Hex/Erth       0%         N/A       99%         4
 Ozocubu's Refrigeration  Ice            0%         4d5       100%        7


Dungeon Overview and Level Annotations

Branches:
Dungeon (7/15)             Temple (0/1) D:6          Bailey (1/1)

Shops:
D:4 !

Annotations:
Bailey Prince Ribbit


Innate Abilities, Weirdness & Mutations

You have an increased reservoir of magic. (+10% MP)
You shall have no god before yourself.
Your divine heritage dramatically boosts your attributes as you level up.


Message History

The vault guard is lightly wounded.
The vault guard completely misses you.
You miss Prince Ribbit.
Prince Ribbit is almost dead.
Prince Ribbit blinks!
The vault guard hits you with a +0 broad axe.
You closely miss the vault guard.
Prince Ribbit blinks!
Unknown command.
You hit the vault guard.
The vault guard is lightly wounded.
The vault guard hits you but does no damage.
You hit the vault guard but do no damage.
The vault guard is lightly wounded.
The vault guard hits you with a +0 broad axe!
You hit the vault guard but do no damage.
The vault guard is lightly wounded.
You hit the vault guard but do no damage.
The vault guard is lightly wounded.
The vault guard closely misses you.
Prince Ribbit blinks!
You hit the vault guard.
The vault guard is lightly wounded.
You block the vault guard's attack.
You slash the vault guard!
The vault guard is moderately wounded.
Prince Ribbit hops awkwardly around.
You slash the vault guard!
The vault guard is moderately wounded.
The vault guard hits you with a +0 broad axe!
Prince Ribbit hits you!
* * * LOW HITPOINT WARNING * * *
Unknown command.
You slash Prince Ribbit!
Prince Ribbit is almost dead.
You block the vault guard's attack.
Prince Ribbit hits you but does no damage.
You closely miss Prince Ribbit.
Prince Ribbit is almost dead.
Prince Ribbit misses you.
The vault guard hits you with a +0 broad axe!
You die...

####≈..≈≈#
##≈##≈.≈≈##
#≈≈≈≈≈.≈≈#
##≈≈≈≈..≈≈#
#≈≈≈≈.≈.≈≈##
#≈≈≈≈....≈≈#
#≈≈≈≈....≈≈##
#≈≈≈≈.≈≈..≈≈###+#
#≈≈≈≈≈≈....≈≈≈F@#
##≈≈≈.........p##
#≈≈≈.......≈≈≈#
##≈≈≈##'##≈≈≈##
##≈# ...##≈## ##
.....### #..F..#
#.....# #..p..#


You could see a vault guard and Prince Ribbit.

Vanquished Creatures
  Grinder (D:3)
  Eustachio (D:5)
  A shadow (D:6)
  2 humans (Bailey)
  A steam dragon (D:5)
  A water moccasin (D:6)
  An orc warrior (D:7)
  3 sky beasts (D:6)
  An ogre (D:7)
  10 bullfrogs
  2 necrophages
  A scorpion (D:5)
  A gnoll sergeant (D:5)
  A howler monkey (D:4)
  3 hounds
  4 orc priests
  2 jellies
  3 orc wizards
  Natasha (thrice) (D:3)
  3 iguanas
  5 gnolls
  8 adders
  2 white imps
  3 worms
  6 dart slugs
  24 orcs
  3 bats
  8 endoplasms
  3 giant cockroaches
  10 goblins
  5 hobgoblins
  6 jackals
  7 kobolds
  2 quokkas
  11 ball pythons
  4 frilled lizards
  11 rats
163 creatures vanquished.

Vanquished Creatures (others)
  A gnoll (D:5)
  A plant (D:1)
2 creatures vanquished.

Grand Total: 165 creatures vanquished

Notes
Turn   | Place    | Note
-------+----------+-------------------------------------------
     0 | D:1      | Murumi the Demigod Fighter began the quest for the Orb.
     0 | D:1      | Reached XP level 1. HP: 18/18 MP: 3/3
    75 | D:1      | Reached skill level 2 in Long Blades
   337 | D:1      | Reached XP level 2. HP: 24/26 MP: 4/4
   821 | D:1      | Reached skill level 1 in Dodging
  1452 | D:2      | Reached XP level 3. HP: 31/31 MP: 5/5
  1499 | D:2      | Reached skill level 1 in Stealth
  2024 | D:2      | Reached XP level 4. HP: 17/38 MP: 6/6
  2295 | D:3      | Noticed Grinder
  2306 | D:3      | Paralysed by Grinder for 3 turns
  2309 | D:3      | Killed Grinder
  2310 | D:3      | Reached skill level 3 in Long Blades
  2310 | D:3      | Reached XP level 5. HP: 28/45 MP: 7/7
  2552 | D:3      | You fall into a shaft and drop 3 floors!
  2557 | D:6      | Noticed a shadow
  2557 | D:6      | Noticed a sky beast
  2558 | D:6      | Noticed a sky beast
  2568 | D:6      | Killed a sky beast
  2569 | D:6      | Reached skill level 4 in Long Blades
  2569 | D:6      | Reached XP level 6. HP: 52/52 MP: 8/8
  2586 | D:6      | Killed a shadow
  2587 | D:6      | Reached XP level 7. HP: 52/59 MP: 9/9
  2832 | D:6      | Reached skill level 5 in Long Blades
  3218 | D:5      | Entered Level 5 of the Dungeon
  3714 | D:3      | Noticed Natasha
  3769 | D:3      | Killed Natasha
  3893 | D:3      | Noticed Natasha
  3898 | D:3      | Killed Natasha
  3899 | D:3      | Reached skill level 5 in Fighting
  3951 | D:3      | Noticed Natasha
  3958 | D:3      | Killed Natasha
  3959 | D:3      | Reached XP level 8. HP: 68/68 MP: 10/10
  4557 | D:4      | Found Irupnec's Distillery.
  4561 | D:4      | Bought a potion of degeneration for 14 gold pieces
  4817 | D:4      | Bought a potion of flight for 42 gold pieces
  4875 | D:5      | Reached skill level 5 in Shields
  5346 | D:5      | Reached skill level 5 in Dodging
  5354 | D:5      | Reached skill level 1 in Evocations
  5469 | D:5      | Noticed Eustachio
  5517 | D:5      | Killed Eustachio
  5518 | D:5      | Reached skill level 5 in Armour
  6077 | D:6      | Found a staircase to the Ecumenical Temple.
  6749 | D:7      | Found a flagged portal.
  6800 | Bailey   | Entered a bailey
  6995 | Bailey   | Reached XP level 9. HP: 73/74 MP: 11/11
  7002 | Bailey   | Reached skill level 6 in Long Blades
  7002 | Bailey   | Reached skill level 1 in Slings
  7732 | Bailey   | Noticed Prince Ribbit
  7732 | Bailey   | Noticed a vault guard
  7762 | Bailey   | Slain by a vault guard

Illustrated notes

Levels and vault maps discovered:
D:1:      psy_arrival_terrarium, layout_loops_corners, serial_bayou_pond_b
D:2:      layout_loops_ring, dreamdust_ecumenical_altar_statues
D:3:      layout_basic, amcnicky_mini_corridor_feature,
          wander_ebering_terrifying_dragon_lair, uniq_natasha, uniq_grinder
D:4:      layout_gridville, serial_shops, shop
D:5:      layout_loops_ring, minmay_misc_feat_ornament, uniq_eustachio
D:6:      layout_loops_ring, minmay_temple_entry_offerings, minmay_bent
D:7:      layout_loops_ring, enter_bailey_7, amcnicky_mini_pool_small
Bailey:   bailey_axe_froggy_fort_hellmonk, bailey

Skill      XL: |  1  2  3  4  5  6  7  8  9 |
---------------+----------------------------+-----
Long Blades    | 2 3 4 5 6 |  6.0
Fighting       | 3 4 5 |  5.0
Armour         | 3 4 5 |  5.0
Shields        | 3 4 5 |  5.0
Dodging        | 1 2 3 4 5 |  5.0
Stealth        | 1 2 3 |  3.0
Evocations     | 2 |  2.0
Slings         | 4 |  4.9

Action                   |  1- 3 |  4- 6 |  7- 9 || total
-------------------------+-------+-------+-------++-------
Melee: Long sword        |   119 |    57 |   509 ||   685
 Fire: Hunting sling     |       |       |     5 ||     5
Evoke: Wand              |       |       |     2 ||     2
  Use: Scroll            |     4 |     3 |     6 ||    13
       Potion            |       |     3 |     3 ||     6
Armor: Scale mail        |    25 |       |       ||    25
       Chain mail        |    37 |    19 |   153 ||   209
       Skin              |       |    22 |       ||    22
       Leather armour    |       |       |    35 ||    35
Dodge: Dodged            |    37 |    17 |   274 ||   328
Block: Buckler           |    25 |    19 |   189 ||   233

Table legend: (Time is in decaauts)
 A = Elapsed time spent in this place.
 B = Non-inter-level travel time spent in this place.
 C = Inter-level travel time spent in this place.
 D = Time resting spent in this place.
 E = Time spent auto-exploring this place.
 F = Levels seen in this place.
 G = Mean time per level.
                   A        B        C        D        E       F      G
               +--------+--------+--------+--------+--------+-----+--------+
         Total |   7935 |   7386 |    549 |     52 |   5709 |   8 |  991.9 |
       Dungeon |   6962 |   6413 |    549 |     52 |   4915 |   7 |  994.6 |
        Bailey |    973 |    973 |      0 |      0 |    794 |   1 |  973.0 |
               +--------+--------+--------+--------+--------+-----+--------+

Top non-repeatable levels by time:
     D:5: 1521 daAuts
     D:1: 1363 daAuts
     D:3: 1240 daAuts
     D:6: 1106 daAuts
  Bailey: 973 daAuts
     D:2: 935 daAuts
     D:4: 638 daAuts
     D:7: 155 daAuts
